 Dungeon Crawl Stone Soup version 0.14-a0-2542-g51e44bb (webtiles) character file.

172 Herrn the Charlatan (level 4, -2/36 HPs)
             Began as a Djinni Artificer on Feb 10, 2014.
             Slain by Grinder (6 damage)
             ... while paralysed by Grinder
             ... on Level 3 of the Dungeon.
             The game lasted 00:08:36 (2308 turns).

Herrn the Charlatan (Djinni Artificer)              Turns: 2308, Time: 00:08:36

HP  -2/36        AC  3     Str 11      XL: 4   Next: 13%
MP   0/0         EV  2     Int 12      God:
Gold 95          SH  0     Dex 15      Spells:  0 memorised,  3 levels left

rFire  + + +     SeeInvis .     k - +2,+0 elf spear
rCold  x . .     Clarity  .     e - +0 leather armour
rNeg   + + +     Conserve .     s - +0 shield
rPois  .         rCorr    .     (no helmet)
rElec  .         rRot     .     (no cloak)
SustAb . .       Spirit   .     (no gloves)
rMut   .         Warding  +     (boots unavailable)
Saprov . . .     Stasis   .     p - amulet of warding {unknown}
MR     .....                    (no ring)
                                q - cursed ring of hunger {unknown}

@: paralysed, flying, not resistant to hostile enchantments, unstealthy
A: fire immunity, cold vulnerability, life protection 3
a: no special abilities


You were on level 3 of the Dungeon.
You were not hungry.

You visited 1 branch of the dungeon, and saw 3 of its levels.

You collected 95 gold pieces.

Inventory:

Hand weapons
 k - a +2,+0 elven spear (weapon)
Armour
 e - a +0 leather armour (worn)
 s - a +0 shield (worn)
Magical devices
 b - a wand of flame (15)
 c - a wand of enslavement (15)
 d - a wand of random effects (15)
Scrolls
 a - 2 scrolls of teleportation {unknown}
 f - 3 scrolls of remove curse {unknown}
 h - a scroll of blinking {unknown}
 i - 2 scrolls of identify {unknown}
 l - a scroll of curse weapon {unknown}
 n - a scroll of curse armour {unknown}
 o - a scroll of enchant weapon II {unknown}
 r - a scroll of recharging
 v - a scroll of magic mapping {unknown}
Jewellery
 p - an amulet of warding (around neck) {unknown}
 q - a cursed ring of hunger (left hand) {unknown}
Potions
 g - a potion of heal wounds
 j - a potion of decay {unknown}
 m - a potion of poison {unknown}
 t - a potion of invisibility {unknown}
 u - a potion of resistance {unknown}


   Skills:
 * Level 2.1 Fighting
   Level 0.7 Short Blades
 - Level 1.7 Dodging
 - Level 0.7 Stealth
 * Level 0.2 Shields
 + Level 5.0 Evocations


You had 3 spell levels left.
You didn't know any spells.

Dungeon Overview and Level Annotations

Branches:
Dungeon (3/16)

Altars:
The Shining One

Annotations:
D:3 Grinder


Innate Abilities, Weirdness & Mutations

You are immune to all types of fire, even holy and hellish.
You are vulnerable to cold.
You need no food.
You have no legs.
You are immune to negative energy.


Message History

Grinder barely misses you.
You hit Grinder but do no damage.
Grinder is moderately wounded.
Grinder hits you.
You hit Grinder but do no damage.
Grinder is moderately wounded.
Grinder hits you.
You closely miss Grinder.
Grinder is moderately wounded.
Grinder hits you. You block Grinder's attack.
You closely miss Grinder.
Grinder is moderately wounded.
Grinder gestures at you.
You suddenly lose the ability to move!
Grinder hits you!
* * * LOW HITPOINT WARNING * * *
Grinder hits you.
* * * LOW HITPOINT WARNING * * *
Grinder hits you.
You die...

......
#............
.........$......
...........!...#
#..............#
#.....(........##
##
#...............#
..
#.......5.......#
..
#.......@.......# .
#...............# .
#........%......#
#...............#
#.....)...).....# .
#..........%....#
#.....%.........#
#...............###
#############.....#


You could see Grinder.

Vanquished Creatures
  An adder (D:3)
  A worm (D:2)
  2 giant geckos
  2 oozes (D:2)
  2 orcs (D:3)
  5 giant cockroaches
  6 goblins
  7 hobgoblins
  4 jackals (D:3)
  5 kobolds
  6 bats
  4 giant newts
  10 rats
55 creatures vanquished.

Notes
Turn   | Place    | Note
--------------------------------------------------------------
     0 | D:1      | Herrn, the Djinni Artificer, began the quest for the Orb.
     0 | D:1      | Reached XP level 1. HP: 13/13 MP: 0/0
    82 | D:1      | Reached skill level 1 in Fighting
   550 | D:1      | Reached XP level 2. EP: 12/21
   571 | D:1      | Reached skill level 4 in Evocations
  1103 | D:2      | Reached XP level 3. EP: 28/28
  2015 | D:3      | Found a glowing golden altar of the Shining One.
  2104 | D:3      | Reached XP level 4. EP: 22/36
  2110 | D:3      | Reached skill level 5 in Evocations
  2265 | D:3      | Noticed Grinder
  2292 | D:3      | Paralysed by Grinder for 6 turns
  2305 | D:3      | Paralysed by Grinder for 5 turns
  2308 | D:3      | Slain by Grinder

Action                   |  1- 3 |  4- 6 || total
-------------------------+-------+-------++-------
Melee: Short sword       |    96 |       ||    96
       Spear             |   154 |    33 ||   187
  Use: Potion            |       |     1 ||     1
 Stab: Sleeping          |     1 |       ||     1
